 Dungeon Sprint DCSS version 0.21.1-1-g345015fe64 (webtiles) character file.

4949 Jannitor the Fighter (level 10, -26/89 HPs)
             Began as a Demonspawn Fighter on May 27, 2018.
             Was the Champion of Cheibriados.
             Killed from afar by a balrug (42 damage)
             ... with a bolt of fire
             ... in the Dungeon (Sprint V: "Ziggurat Sprint").
             The game lasted 00:04:10 (544 turns).

Jannitor the Fighter (Demonspawn Fighter)            Turns: 544, Time: 00:04:10

Health: -26/89     AC: 20    Str: 45    XL:     10   Next: 28%
Magic:  16/16      EV:  8    Int: 28    God:    Cheibriados [******]
Gold:   0          SH: 35    Dex: 28    Spells: 2/9 levels left

rFire    . . .     SeeInvis +   I - +14 obsidian axe {chop, +Fly SInv *Curse} (curse)
rCold    + . .     Gourm    .   J - +18 shield of the Gong {rElec rN+ MR+ EV-5}
rNeg     + + .     Faith    .   b - +7 Kryia's mail coat {PotionHeal*2 rC+}
rPois    .         Spirit   .   (helmet restricted)
rElec    +         Reflect  .   (no cloak)
rCorr    .         Harm     .   (no gloves)
MR       +....     NoTele   +   (no boots)
Stlth    ++........             L - amulet "Lomopsol" {rN+ Regen+ Str-2 Int+4 Stlth+}
HPRegen  0.64/turn              G - +6 ring of strength
MPRegen  0.15/turn              H - +6 ring of strength

@: mesmerised, studying Shields, very slow
A: horns 1, iridescent scales 2, demonic guardian 2
a: Bend Time, Temporal Distortion, Slouch, Step From Time, Renounce Religion,
Evoke Flight


You were in the Dungeon.
You worshipped Cheibriados.
Cheibriados was exalted by your worship.
You were not hungry.

You visited 1 branch

Inventory:

Hand Weapons
 a - a +0 war axe
 o - a +5 broad axe
 I - the cursed +14 obsidian axe (weapon) {chop, +Fly SInv *Curse}
   (You found it in the Dungeon)

   It inflicts extra damage upon your enemies.
   It lets you see invisible.
   It lets you fly.
   It curses itself when equipped.
   It has a curse placed upon it.
Armour
 b - the +7 Kryia's mail coat (worn) {PotionHeal*2 rC+}
   (You found it in the Dungeon)

   It protects you from cold.
 l - a +5 crystal plate armour
 m - +5 gold dragon scales
 n - a +3 large shield
 J - the +18 shield of the Gong (worn) {rElec rN+ MR+ EV-5}
   (You found it in the Dungeon)

   It affects your evasion (-5).
   It insulates you from electricity.
   It protects you from negative energy.
   It affects your resistance to hostile enchantments.
Jewellery
 C - a +2 ring of protection
 D - the ring "Dyevene" {rElec MR+}
   (You found it in the Dungeon)

   [ring of protection from magic]

   It insulates you from electricity.
   It affects your resistance to hostile enchantments.
 G - a +6 ring of strength (left hand)
 H - a +6 ring of strength (right hand)
 K - an uncursed ring of poison resistance
 L - the amulet "Lomopsol" (around neck) {rN+ Regen+ Str-2 Int+4 Stlth+}
   (You found it in the Dungeon)

   [amulet of regeneration]

   It affects your strength (-2).
   It affects your intelligence (+4).
   It protects you from negative energy.
   It increases your rate of regeneration.
   It makes you more stealthy.
 P - a +2 amulet of reflection
Wands
 y - a wand of disintegration (7)
 A - a wand of iceblast (7)
 B - a wand of acid (7)
Scrolls
 k - 4 scrolls of blinking
 p - 4 scrolls of amnesia
 q - 7 scrolls of fog
 r - 5 scrolls of identify
 s - 5 scrolls of remove curse
 t - 2 scrolls of fear
Potions
 d - 6 potions of might
 e - 10 potions of curing
 g - 14 potions of heal wounds
 h - 6 potions of haste
 i - 7 potions of magic
 j - 3 potions of berserk rage
 u - 2 potions of brilliance
 v - 2 potions of invisibility
 w - 4 potions of resistance
 z - 5 potions of agility
Books
 c - a manual of Shields
 x - a book of Enchantments

   Spells                             Type                      Level
   a - Cause Fear                     Hexes                        4
   b - Yara's Violent Unravelling     Hexes/Transmutation          5
   c - Silence                        Hexes/Air                    5
   d - Deflect Missiles               Charms/Air                   6
   e - Discord                        Hexes                        8
 O - a book of Alchemy

   Spells                             Type                      Level
   a - Sublimation of Blood           Necromancy                   2
   b - Ignite Poison                  Fire/Transmutation/Poison    3
   c - Petrify                        Transmutation/Earth          4
   d - Alistair's Intoxication        Transmutation/Poison         5
   e - Irradiate                      Conjuration/Transmutation    5
Miscellaneous
 E - a box of beasts
 F - a fan of gales
 M - a sack of spiders
 N - a phial of floods
Comestibles
 f - 7 rations


   Skills:
 + Level 12.0 Fighting
 + Level 11.0 Axes
 + Level 11.1 Armour
 + Level 3.6 Dodging
 + Level 11.4 Shields
 + Level 8.4 Invocations


You had 2 spell levels left.
You knew the following spells:

 Your Spells              Type           Power        Failure   Level  Hunger
a - Sublimation of Blood  Necr           #.........   36%         2    ###....
b - Alistair's Intoxicat  Tmut/Pois      #.......     100%        5    ######.


Dungeon Overview and Level Annotations

Branches:
Dungeon (1/1)

Altars:
Ashenzari
Cheibriados
Dithmenos
Elyvilon
Fedhas
Gozag
Hepliaklqana
Kikubaaqudgha
Makhleb
Nemelex Xobeh
Okawaru
Qazlal
Ru
Sif Muna
Trog
Uskayaw
Vehumet
Wu Jian
Xom
Yredelemnul
Zin
The Shining One
Beogh
Jiyva
Lugonu

Annotations:
D 1 transporter


Innate Abilities, Weirdness & Mutations

You have a pair of small horns on your head.
You are mostly covered in iridescent scales. (AC +4)
A demonic guardian rushes to your aid.


Message History

Visions of slaying the balrug flood into your mind.
You block the balrug's attack.
GONNNNG!
The shadow slips into darkness.
The shadow flickers and vanishes for a moment.
You block the red devil's attack.
GONNNNG!
The balrug gestures at you. The bolt of fire hits you!
The bolt of fire misses your red devil.
Your red devil hits the balrug with a demon trident of freezing!!
Your red devil freezes the balrug!
You block the tormentor's attack.
BOUMMMMG!
The tormentor hits you. The balrug gestures at you.
The bolt of fire misses the tormentor.
The bolt of fire hits you!
* * * LOW HITPOINT WARNING * * *
The bolt of fire hits your orange demon.
The balrug gestures at you. The bolt of fire hits you!
You die...

▓▓▓▓▓▓▓▓▓▓▓▓▓▓▓▓▓▓▓
▓...8©8...▓...8©8...▓
▓..:).))..▓...[|.:..▓
▓..||))=..▓...).}}..▓
▓.........▓...†.....▓
▓....4....▓...†.....▓
▓..Z424...▓.........▓
▓..p22W...▓...†††...▓
▓....@23..▓.▓.....▓.▓
▓...444...▓....©....▓
▓....©....▓▓▓▓▓▓▓▓▓▓▓
▓▓▓▓▓▓▓▓▓▓▓


You could see 3 balrugs, a hell knight, a tormentor, 3 red devils, a shadow
(invisible), a leopard gecko skeleton, a friendly orange demon, a friendly ice
devil, a friendly smoke demon and a friendly red devil.

Vanquished Creatures
  A jumping spider (D)
  A hornet (D)
  A slime creature (D)
  An air elemental (D)
  3 redbacks (D)
  A tarantella (D)
  2 spriggans (D)
  A fire bat (shapeshifter) (D)
  A water moccasin (D)
  An acid dragon (shapeshifter) (D)
  A floating eye (D)
  2 porcupines (D)
  A porcupine (shapeshifter) (D)
  An orc warrior (D)
  A black bear (D)
  2 wolves (D)
  An ogre (shapeshifter) (D)
  A bullfrog (D)
  A scorpion (D)
  2 orc priests (D)
  An iguana (D)
  2 orc wizards (D)
  An adder (D)
  A river rat (D)
  A jackal (D)
32 creatures vanquished.

Vanquished Creatures (collateral kills)
  A wolf spider (D)
  3 jumping spiders (D)
  A hornet (D)
  A slime creature (D)
  A redback (D)
  2 air elementals (D)
  A spriggan (D)
  A basilisk (D)
  2 yaks (D)
  2 orc warriors (D)
  A wolf (D)
  2 bullfrogs (D)
  A scorpion (D)
  A jelly (D)
  An orc (D)
  A jackal (D)
22 creatures vanquished.

Vanquished Creatures (others)
  A spatial maelstrom (D)
  2 insubstantial wisps (D)
3 creatures vanquished.

Grand Total: 57 creatures vanquished

Notes
Turn   | Place    | Note
-------+----------+-------------------------------------------
     0 | D        | Found the +6 Majin-Bo {vamp, Archmagi MP+6 Int+6}
     0 | D        | Found the +7 great mace "Firestarter" {inner flame, rF++}
     0 | D        | Jannitor the Demonspawn Fighter began the quest for the Orb.
     0 | D        | Reached XP level 1. HP: 18/18 MP: 1/1
     3 | D        | Found a blossoming altar of Fedhas.
     5 | D        | Found a viscous altar of Jiyva.
     5 | D        | Found a hazy altar of Hepliaklqana.
     5 | D        | Found a transporter.
     5 | D        | Found an opulent altar of Gozag.
     5 | D        | Found an ancient bone altar of Kikubaaqudgha.
     5 | D        | Found a corrupted altar of Lugonu.
     5 | D        | Banished a spatial maelstrom
     9 | D        | Found a burning altar of Makhleb.
    10 | D        | Found a stormy altar of Qazlal.
    10 | D        | Found an iron altar of Okawaru.
    10 | D        | Found a sacrificial altar of Ru.
    10 | D        | Found a sparkling altar of Nemelex Xobeh.
    10 | D        | Found a deep blue altar of Sif Muna.
    10 | D        | Found a bloodstained altar of Trog.
    40 | D        | Found the +9 heavy crossbow "Sniper" {velocity, Acc+∞ SInv}
    40 | D        | Found the +10 dark maul {crush}
    40 | D        | Found the +15 Maxwell's patent armour {-Cast -Tele rElec MR+ rCorr}
    40 | D        | Found the +18 shield of the Gong {rElec rN+ MR+ EV-5}
    40 | D        | Found the cursed +14 obsidian axe {chop, +Fly SInv *Curse}
    52 | D        | Became a worshipper of Cheibriados the Contemplative
    80 | D        | Entered arena 2.
    80 | D        | Noticed a water moccasin
    80 | D        | Found a transporter.
    82 | D        | Gained mutation: You have a pair of small horns on your head. [demonic ancestry]
    82 | D        | Reached XP level 2. HP: 24/24 MP: 2/2
    84 | D        | Killed a water moccasin
    84 | D        | Reached skill level 5 in Fighting
    84 | D        | Reached skill level 5 in Armour
    84 | D        | Reached skill level 5 in Shields
    84 | D        | Reached XP level 3. HP: 33/33 MP: 3/3
    84 | D        | Reached XP level 4. HP: 39/39 MP: 4/4
    85 | D        | Reached skill level 7 in Fighting
    85 | D        | Gained mutation: A weak demonic guardian rushes to your aid. [demonic ancestry]
    85 | D        | Reached XP level 5. HP: 48/48 MP: 5/5
    99 | D        | Entered arena 3.
    99 | D        | Noticed a yak
    99 | D        | Noticed a porcupine
    99 | D        | Found a transporter.
   102 | D        | Reached * piety under Cheibriados
   103 | D        | Killed a porcupine
   103 | D        | Gained mutation: You are partially covered in iridescent scales. (AC +2) [demonic ancestry]
   103 | D        | Reached XP level 6. HP: 47/56 MP: 6/6
   103 | D        | Killed a yak
   103 | D        | Reached skill level 8 in Fighting
   259 | D        | Entered arena 4.
   259 | D        | Noticed a fire bat
   259 | D        | Noticed a porcupine
   259 | D        | Noticed an ice beast
   259 | D        | Found a transporter.
   262 | D        | Killed a porcupine
   262 | D        | Reached ** piety under Cheibriados
   262 | D        | Reached XP level 7. HP: 63/63 MP: 7/7
   263 | D        | Killed a fire bat
   263 | D        | Reached *** piety under Cheibriados
   263 | D        | Reached skill level 9 in Fighting
   274 | D        | Got the amulet "Lomopsol" {rN+ Regen+ Str-2 Int+4 Stlth+}
   282 | D        | Entered arena 5.
   282 | D        | Noticed a slime creature
   282 | D        | Noticed a slime creature
   282 | D        | Found a transporter.
   284 | D        | Paralysed by a floating eye for 2 turns
   288 | D        | Killed a slime creature
   288 | D        | Reached **** piety under Cheibriados
   288 | D        | Gained mutation: A demonic guardian rushes to your aid. [demonic ancestry]
   288 | D        | Reached XP level 8. HP: 71/71 MP: 8/8
   288 | D        | Killed a slime creature
   297 | D        | Got the ring of Attitude {Str-3 Int+5 Stlth+}
   303 | D        | Entered arena 6.
   303 | D        | Noticed an air elemental
   303 | D        | Noticed an air elemental
   303 | D        | Noticed an air elemental
   303 | D        | Found a transporter.
   306 | D        | Killed an air elemental
   306 | D        | Reached ***** piety under Cheibriados
   306 | D        | Reached skill level 10 in Fighting
   306 | D        | Killed an air elemental
   307 | D        | Killed an air elemental
   375 | D        | Entered arena 7.
   375 | D        | Noticed a jumping spider
   375 | D        | Noticed a jumping spider
   376 | D        | Found a transporter.
   377 | D        | Reached skill level 1 in Invocations
   379 | D        | Reached ****** piety under Cheibriados
   379 | D        | Gained mutation: You are mostly covered in iridescent scales. (AC +4) [demonic ancestry]
   379 | D        | Reached XP level 9. HP: 79/79 MP: 8/11
   381 | D        | Killed a jumping spider
   381 | D        | Reached skill level 10 in Armour
   381 | D        | Reached skill level 10 in Shields
   382 | D        | Killed a jumping spider
   402 | D        | Entered arena 8.
   402 | D        | Noticed a jumping spider
   402 | D        | Noticed a jumping spider
   402 | D        | Noticed a wolf spider
   403 | D        | Found the +7 Kryia's mail coat {PotionHeal*2 rC+}
   403 | D        | Found a transporter.
   405 | D        | Reached skill level 11 in Fighting
   405 | D        | Reached skill level 10 in Axes
   405 | D        | Reached skill level 5 in Invocations
   405 | D        | Killed a wolf spider
   408 | D        | Killed a jumping spider
   408 | D        | Killed a jumping spider
   434 | D        | Entered arena 9.
   434 | D        | Noticed a spriggan rider
   434 | D        | Noticed a spriggan rider
   436 | D        | Found a transporter.
   438 | D        | Reached skill level 1 in Dodging
   440 | D        | Reached XP level 10. HP: 80/89 MP: 13/15
   468 | D        | Entered arena 10.
   469 | D        | Found a transporter.
   472 | D        | Noticed a sixfirhy
   485 | D        | Got the ring "Dyevene" {rElec MR+}
   509 | D        | Entered arena 11.
   510 | D        | Found a transporter.
   514 | D        | Reached skill level 12 in Fighting
   530 | D        | Identified the Papyrus of the Ashen Glacier (You found it in the Dungeon)
   533 | D        | Learned a level 2 spell: Sublimation of Blood
   533 | D        | Identified the Papyrus of the Ashen Glacier (You found it in the Dungeon)
   539 | D        | Learned a level 5 spell: Alistair's Intoxication
   539 | D        | Identified the Papyrus of the Ashen Glacier (You found it in the Dungeon)
   541 | D        | Entered arena 12.
   541 | D        | Noticed a hell knight
   541 | D        | Noticed a balrug
   541 | D        | Noticed a balrug
   542 | D        | Noticed a balrug
   543 | D        | Found a transporter.
   544 | D        | Killed from afar by a balrug

Skill      XL: |  1  2  3  4  5  6  7  8  9 10 |
---------------+-------------------------------+-----
Axes           | 2 4 6 7 8 9 10 11 | 11.0
Armour         | 3 5 6 7 8 9 10 11 | 11.1
Shields        | 3 5 6 7 8 9 10 11 | 11.4
Fighting       | 5 7 8 9 10 11 12 | 12.0
Invocations    | 3 7 8 |  8.4
Dodging        | 2 3 |  3.6

Action                   |  1- 3 |  4- 6 |  7- 9 | 10-12 || total
-------------------------+-------+-------+-------+-------++-------
Melee: Broad axe         |     4 |     5 |    21 |    13 ||    43
       Headbutt          |       |     1 |     7 |     5 ||    13
  Use: Potion            |       |     1 |       |       ||     1
 Stab: Distracted        |       |       |     1 |       ||     1
Armor: Crystal plate arm |     3 |     3 |    14 |       ||    20
       Scale mail        |       |       |     1 |     4 ||     5
Dodge: Dodged            |       |       |     2 |     1 ||     3
Block: Shield            |     4 |     8 |    35 |    34 ||    81
